 Dungeon Sprint DCSS version 0.21.1-1-g345015f (webtiles) character file.

705 Fang the Cleaver (level 7, -3/111 HPs)
             Began as a Minotaur Berserker on May 29, 2018.
             Was a High Priest of Trog.
             Slain by a two-headed ogre
             ... wielding a +0 giant spiked club
              (18 damage)
             ... in the Dungeon (Sprint IX: "|||||||||||||||||||||||||||||").
             The game lasted 00:01:04 (332 turns).

Fang the Cleaver (Minotaur Berserker)                Turns: 332, Time: 00:01:05

Health: -3/111     AC:  2    Str: 37    XL:     7   Next: 39%
Magic:  6/6        EV: 17    Int:  7    God:    Trog [*****.]
Gold:   0          SH:  0    Dex:  9    Spells: 6/6 levels left

rFire    . . .     SeeInvis .   o - +3 war axe of the Messenger {chaos, +Blink rPois Str+8 Stlth-}
rCold    . . .     Gourm    .   (no shield)
rNeg     . . .     Faith    .   b - +0 animal skin
rPois    +         Spirit   .   (helmet restricted)
rElec    .         Reflect  .   (no cloak)
rCorr    .         Harm     .   (no gloves)
MR       .....     NoTele   +   (no boots)
Stlth    ..........             (no amulet)
HPRegen  0.28/turn              p - +2 ring of evasion
MPRegen  0.10/turn              q - +3 ring of intelligence

@: berserking (expiring), lethally poisoned (-3 -> -14), very quick
A: retaliatory headbutt, horns 2
a: Berserk, Trog's Hand, Brothers in Arms, Burn Spellbooks, Renounce Religion,
Evoke Blink


You were in the Dungeon.
You worshipped Trog.
Trog was extremely pleased with you.
You were hungry.

You visited 1 branch

Inventory:

Hand Weapons
 k - a +0 war axe of chopping
 o - the +3 war axe of the Messenger (weapon) {chaos, +Blink rPois Str+8 Stlth-}
   (You found it in the Dungeon)

   Each time it hits an enemy it has a different, random effect.
   It affects your strength (+8).
   It protects you from poison.
   It lets you blink.
   It makes you less stealthy.
Armour
 b - a +0 animal skin (worn)
Jewellery
 p - a +2 ring of evasion (left hand)
 q - a +3 ring of intelligence (right hand)
Wands
 n - a wand of acid (10)
Scrolls
 i - 2 scrolls of blinking
 m - 3 scrolls of remove curse
Potions
 d - 5 potions of curing
 e - 3 potions of heal wounds
 f - a potion of haste
 g - 4 potions of magic
 h - a potion of berserk rage
 l - a potion of invisibility
Comestibles
 a - 4 chunks of flesh
 c - a ration


   Skills:
 + Level 11.5 Fighting
 + Level 12.9 Axes
 + Level 6.3 Armour
 + Level 6.9 Dodging


You had 6 spell levels left.
You didn't know any spells.

Dungeon Overview and Level Annotations

Branches:
Dungeon (1/1)

Altars:
Cheibriados
Dithmenos
Elyvilon
Fedhas
Gozag
Hepliaklqana
Kikubaaqudgha
Makhleb
Nemelex Xobeh
Okawaru
Qazlal
Ru
Sif Muna
Trog
Uskayaw
Vehumet
Wu Jian
Xom
Yredelemnul
Zin
The Shining One
Beogh
Jiyva
Lugonu


Innate Abilities, Weirdness & Mutations

You reflexively headbutt those who attack you in melee.
You have a pair of horns on your head.


Message History

You hit the kobold demonologist.
Lightning courses through the kobold demonologist!
Your headbutt misses the kobold demonologist.
The kobold demonologist is almost dead.
You feel sick.
Unknown command.
You slice the kobold demonologist!!
You kill the kobold demonologist!
Trog accepts your kill.
Trog appreciates your killing of a magic user.
Your Fighting skill increases to level 11!
Your Axes skill increases to level 12!
Your Armour skill increases to level 6!
You have reached level 7!
You barely miss the two-headed ogre. You headbutt the two-headed ogre!
The two-headed ogre is moderately wounded.
You feel sick.
The two-headed ogre hits you with a giant spiked club!!
* * * LOW HITPOINT WARNING * * *
The two-headed ogre hits you with a giant spiked club!!
You die...

▓+▓
▓.▓
▓.▓
▓S▓
▓c▓
▓Z▓
▓O▓
▓@▓
▓.▓
▓.▓
▓.▓
▓.▓
▓÷▓
▓.▓
▓'▓
▓)▓


You could see a two-headed ogre, a water moccasin, a centaur and an adder
skeleton.

Vanquished Creatures
  A kobold demonologist (D)
  A hornet (D)
  An ice beast (D)
  A sky beast (D)
  A hound (D)
  An orc wizard (D)
  2 adders (D)
  A leopard gecko (D)
  2 orcs (D)
  A bat skeleton (D)
  A bat zombie (D)
  A giant cockroach (D)
  A hobgoblin (D)
  A bat (D)
  A kobold (D)
  A rat (D)
18 creatures vanquished.

Notes
Turn   | Place    | Note
-------+----------+-------------------------------------------
     0 | D        | Fang the Minotaur Berserker began the quest for the Orb.
     0 | D        | Reached XP level 1. HP: 19/19 MP: 0/0
     7 | D        | Reached skill level 4 in Axes
    11 | D        | Reached ** piety under Trog
    32 | D        | Noticed a hound
    32 | D        | Noticed an orc wizard
    32 | D        | Noticed a sky beast
    42 | D        | Killed a sky beast
    42 | D        | Reached skill level 7 in Axes
    42 | D        | Reached XP level 2. HP: 34/34 MP: 1/1
    42 | D        | Reached XP level 3. HP: 39/39 MP: 2/2
    42 | D        | Reached XP level 4. HP: 47/47 MP: 3/3
    47 | D        | Reached *** piety under Trog
    51 | D        | Reached skill level 8 in Axes
    53 | D        | Reached **** piety under Trog
    53 | D        | Reached XP level 5. HP: 50/53 MP: 4/4
    69 | D        | Found a roughly hewn altar of Beogh.
    69 | D        | Found a snail-covered altar of Cheibriados.
    69 | D        | Found a shadowy altar of Dithmenos.
    69 | D        | Found a white marble altar of Elyvilon.
    69 | D        | Found a blossoming altar of Fedhas.
    69 | D        | Found an opulent altar of Gozag.
    70 | D        | Found a hazy altar of Hepliaklqana.
    71 | D        | Found a viscous altar of Jiyva.
    72 | D        | Found an ancient bone altar of Kikubaaqudgha.
    73 | D        | Found a corrupted altar of Lugonu.
    74 | D        | Found a burning altar of Makhleb.
    75 | D        | Found a sparkling altar of Nemelex Xobeh.
    76 | D        | Found an iron altar of Okawaru.
    77 | D        | Found a stormy altar of Qazlal.
    78 | D        | Found a sacrificial altar of Ru.
    79 | D        | Found a deep blue altar of Sif Muna.
    80 | D        | Found a bloodstained altar of Trog.
    81 | D        | Found a hide-covered altar of Uskayaw.
    82 | D        | Found a radiant altar of Vehumet.
    83 | D        | Found an ornate altar of the Wu Jian Council.
    84 | D        | Found a shimmering altar of Xom.
    85 | D        | Found a basalt altar of Yredelemnul.
    86 | D        | Found a glowing silver altar of Zin.
    87 | D        | Found a glowing golden altar of the Shining One.
   106 | D        | Got the +3 war axe of the Messenger {chaos, +Blink rPois Str+8 Stlth-}
   249 | D        | Noticed an ice beast
   251 | D        | Reached skill level 9 in Axes
   254 | D        | Killed an ice beast
   254 | D        | Reached skill level 10 in Axes
   254 | D        | Reached skill level 5 in Armour
   254 | D        | Reached skill level 5 in Dodging
   255 | D        | Reached ***** piety under Trog
   318 | D        | Noticed a water moccasin
   318 | D        | Noticed a centaur
   318 | D        | Noticed a two-headed ogre
   318 | D        | Noticed a kobold demonologist
   318 | D        | Noticed a hornet
   319 | D        | Paralysed by a hornet for 2 turns
   324 | D        | Killed a hornet
   324 | D        | Reached skill level 10 in Fighting
   324 | D        | Reached skill level 11 in Axes
   324 | D        | Reached XP level 6. HP: 40/67 MP: 5/5
   331 | D        | Killed a kobold demonologist
   331 | D        | Reached skill level 12 in Axes
   331 | D        | Reached XP level 7. HP: 38/74 MP: 6/6
   332 | D        | Slain by a two-headed ogre

Skill      XL: |  1  2  3  4  5  6 |
---------------+-------------------+-----
Fighting       | 7 8 10 11 | 11.5
Axes           | 7 8 11 12 | 12.9
Armour         | 4 5 6 |  6.3
Dodging        | 4 6 |  6.9

Action                   |  1- 3 |  4- 6 |  7- 9 || total
-------------------------+-------+-------+-------++-------
Melee: Hand axe          |    21 |    10 |       ||    31
       Headbutt          |     2 |     3 |     1 ||     6
       War axe           |       |    15 |     1 ||    16
Invok: Berserk           |     1 |     2 |       ||     3
Armor: Animal skin       |     5 |     3 |       ||     8
Dodge: Dodged            |     9 |    12 |       ||    21
